 Dungeon Crawl Stone Soup version 0.29-a0-451-gfbfa42419e (webtiles) character file.

Game seed: 810707792460296667

43 jsc133 the Skirmisher (level 3, -6/37 HPs)
             Began as a Troll Berserker on May 19, 2022.
             Was a Believer of Trog.
             Mangled by a worm (9 damage)
             ... on level 2 of the Dungeon.
             The game lasted 00:05:48 (1013 turns).

jsc133 the Skirmisher (Troll Berserker)             Turns: 1013, Time: 00:05:48

Health: -6/37      AC:  4    Str: 31    XL:     3   Next: 37%
Magic:  2/2        EV: 10    Int:  3    God:    Trog [**....]
Gold:   78         SH:  0    Dex: 17    Spells: 2/2 levels left

rFire   . . .      SeeInvis .     - Unarmed
rCold   . . .      Faith    .   (no shield)
rNeg    . . .      Spirit   .   a - +0 animal skin
rPois   .          Reflect  .   (helmet restricted)
rElec   .          Harm     .   (no cloak)
rCorr   .          Rampage  .   (gloves unavailable)
Will    .....                   (boots unavailable)
Stlth   ++........              (no amulet)
HPRegen 0.92/turn               e - +6 ring of dexterity
MPRegen 0.08/turn               f - +6 ring of strength

@: no status effects
A: large, unfitting armour, claws 3, regeneration 1, shaggy fur 1, tough skin 1
a: Renounce Religion, Berserk, Trog's Hand


You were on level 2 of the Dungeon.
You worshipped Trog.
Trog was pleased with you.
You visited 1 branch of the dungeon, and saw 2 of its levels.

You collected 78 gold pieces.

Inventory:

Armour
 a - a +0 animal skin (worn)
Jewellery
 e - a +6 ring of dexterity (left claw)
 f - a +6 ring of strength (right claw)
Scrolls
 b - a scroll of identify {unknown}
 g - a scroll of poison {unknown}
 i - a scroll of vulnerability {unknown}
 j - a scroll of fear {unknown}
 k - a scroll of immolation {unknown}
Potions
 d - a potion of cancellation {unknown}
 h - 2 potions of curing {unknown}
 l - 2 potions of resistance {unknown}
 m - a potion of degeneration {unknown}


   Skills:
 + Level 3.3 Fighting
 + Level 2.6 Dodging
 + Level 3.3 Unarmed Combat


You had 2 spell levels left.
You didn't know any spells.
Your spell library was empty.

Dungeon Overview and Level Annotations

Branches:
Dungeon (2/15)

Altars:


Innate Abilities, Weirdness & Mutations

You are too large for most types of armour.
You have claws for hands.
Your natural rate of healing is unusually fast.
You are covered in fur. (AC +1)
You have tough skin. (AC +1)


Message History

The gnoll hits you with a +0 spear. The gnoll barely misses you.
The gnoll hits you from afar with a +0 halberd.
You scratch the worm.
The worm is severely wounded.
The gnoll barely misses you. The gnoll closely misses you.
The gnoll completely misses you. The worm bites you.
* * * LOW HITPOINT WARNING * * *
It was a potion of ambrosia.
You are confused.
You feel invigorated. The gnoll hits you with a +0 spear.
* * * LOW HITPOINT WARNING * * *
The gnoll hits you from afar with a +0 halberd.
* * * LOW HITPOINT WARNING * * *
The gnoll barely misses you.
You bump into the rock wall.
The worm misses you. The gnoll closely misses you. The gnoll barely misses you.
The gnoll misses you.
The gnoll hits you from afar with a +0 halberd.
The gnoll hits you with a +0 halberd!
* * * LOW HITPOINT WARNING * * *
The gnoll closely misses you.
You bump into the rock wall.
A goblin comes into view. It is wielding a +0 club.
The gnoll barely misses you. x3
You scratch the worm.
The worm is heavily wounded.
The gnoll hits you from afar with a +0 halberd!
* * * LOW HITPOINT WARNING * * *
The gnoll closely misses you. The worm bites you but does no damage.
You bump into the rock wall.
You feel less invigorated.
You feel less confused.
The goblin drinks a potion.
The goblin seems to speed up.
The gnoll hits you from afar with a +0 spear.
* * * LOW HITPOINT WARNING * * *
The gnoll hits you with a +0 halberd.
* * * LOW HITPOINT WARNING * * *
The gnoll closely misses you.
You scratch the worm.
The worm is severely wounded.
The worm bites you!
You die...

....... .......## ........ ##
.......# .# ...##...g. .#
#...#.....# .######........gg#
..........##...gw#
##........##....@# ..
.#.<...........g.## ..
..........######..# #.#
##........## ##.## #..# ..
.†...........####?.####.# .#
#......#..#..[..........###)##
###......####......†.........#
# ##.........................#
. ....<....#####......###.###


You could see a worm, 4 gnolls and a goblin (fast).

Vanquished Creatures
  An adder (D:2)
  3 worms (D:2)
  A dart slug (D:1)
  An orc (D:2)
  3 bats
  A hobgoblin (D:1)
  5 jackals
  3 kobolds
  A goblin (D:1)
  4 rats (D:1)
23 creatures vanquished.

Notes
Turn   | Place    | Note
-------+----------+-------------------------------------------
     0 | D:1      | jsc133 the Troll Berserker began the quest for the Orb.
     0 | D:1      | Reached XP level 1. HP: 22/22 MP: 0/0
   182 | D:1      | Reached XP level 2. HP: 29/29 MP: 1/1
   455 | D:1      | Found a faded altar of an unknown god.
   901 | D:2      | Reached XP level 3. HP: 37/37 MP: 2/2
   992 | D:2      | Reached ** piety under Trog
  1013 | D:2      | Mangled by a worm

Illustrated notes

Levels and vault maps discovered:
D:1:      wander_arrival_desolate, layout_basic, basic_ecumenical_altar,
          patterned_corridor
D:2:      layout_rooms

Skill      XL: |  1  2 |
---------------+-------+-----
Fighting       | 3 |  3.3
Dodging        | |  2.6
Unarmed Combat | |  3.3

Action                   || total
-------------------------++-------
Melee: Unarmed           ||    65
  Use: Potion            ||     1
Armor: Animal skin       ||    40
Dodge: Dodged            ||    65

Table legend: (Time is in decaauts)
 A = Elapsed time spent in this place.
 B = Non-inter-level travel time spent in this place.
 C = Inter-level travel time spent in this place.
 D = Time resting spent in this place.
 E = Time spent auto-exploring this place.
 F = Levels seen in this place.
 G = Mean time per level.
                   A        B        C        D        E       F      G
               +--------+--------+--------+--------+--------+-----+--------+
         Total |   1007 |   1007 |      0 |      0 |      0 |   2 |  503.5 |
       Dungeon |   1007 |   1007 |      0 |      0 |      0 |   2 |  503.5 |
               +--------+--------+--------+--------+--------+-----+--------+

Top non-repeatable levels by time:
     D:1: 802 daAuts
     D:2: 205 daAuts
